3A
MYRTLE BEACH SEAHAWKS @ HAMMOND HERONS
06/06/2026
 
TOP OF THE 1ST
Myrtle Beach Seahawks batting - Pitching for Hammond Herons : RHP Ernest Hawks
Pitching: RHP Ernest Hawks
Batting: RHB Borja Berrios 0-0: Fly out, F8 (Flyball, 78D)
Batting: RHB Augusto Escobar 0-0: Ball
1-0: Ball
2-0: Fly out, F7 (Flyball, 7)
Batting: RHB Aaron Dixon 0-0: SINGLE (Line Drive, 7S)
Batting: LHB Gabriel López 0-0: Ball
1-0: Called Strike
1-1: Ball
2-1: Ball
3-1: Base on Balls
Aaron Dixon to second
Batting: RHB Randall Worthington 0-0: Ball
Passed Ball!
Aaron Dixon to third
Gabriel López to second
1-0: Foul Ball, location: 2F
1-1: Foul Ball, location: 2F
1-2: SINGLE (Flyball, 8RS)
Aaron Dixon scores
Gabriel López to third
Runner from 3rd tries for Home, SAFE, no throw
Batting: RHB José Jiménez 0-0: Ball
1-0: Foul Ball, location: 2F
1-1: Swinging Strike
1-2: Ball
2-2: Foul Ball, location: 2F
2-2: Foul Ball, location: 2F
2-2: Ball
3-2: Strikes out swinging
Top of the 1st over - 2 run(s), 2 hit(s), 0 error(s), 1 left on base; Myrtle Beach 2 - Hammond 0
BOTTOM OF THE 1ST
Hammond Herons batting - Pitching for Myrtle Beach Seahawks : LHP Garrett Schaper
Pitching: LHP Garrett Schaper
Batting: LHB Marcos Costa 0-0: Ball
1-0: Called Strike
1-1: Reached on error, E5 (Popup, 5D)
Batting: RHB Rex Scurlock 0-0: Called Strike
0-1: Foul Ball, location: 2F
0-2: Ball
1-2: Ball
2-2: Ball
3-2: Foul Ball, location: 2F
3-2: Foul Ball, location: 2F
3-2: Foul Ball, location: 2F
3-2: Strikes out swinging
Batting: RHB Zeus Preckwinkle 0-0: Called Strike
Marcos Costa is caught stealing 2nd base
0-1: Fly out, F9 (Line Drive, 89M)
Bottom of the 1st over - 0 run(s), 0 hit(s), 1 error(s), 0 left on base; Myrtle Beach 2 - Hammond 0
TOP OF THE 2ND
Myrtle Beach Seahawks batting - Pitching for Hammond Herons : RHP Ernest Hawks
Batting: RHB Peter Feng 0-0: Bunted foul
0-1: Ground out 1-3 (Groundball, 15S)
Batting: RHB Alejandro Santiago 0-0: Ball
1-0: Ball
2-0: Ground out 6-3 (Groundball, 6)
Batting: RHB Gilbert Howard 0-0: Ball
1-0: Ground out 5-3 (Groundball, 56)
Top of the 2nd over - 0 run(s), 0 hit(s), 0 error(s), 0 left on base; Myrtle Beach 2 - Hammond 0
BOTTOM OF THE 2ND
Hammond Herons batting - Pitching for Myrtle Beach Seahawks : LHP Garrett Schaper
Batting: LHB Dewitt Hopper 0-0: Ball
1-0: Ball
2-0: Foul Ball, location: 2F
2-1: SOLO HOME RUN (Flyball, 9D), Distance : 336 ft
Batting: RHB Fernando Martínez 0-0: Ball
1-0: Ground out 6-3 (Groundball, 6)
Batting: LHB Alfred Miles 0-0: Swinging Strike
0-1: Swinging Strike
0-2: Ball
1-2: Strikes out swinging
Batting: LHB Rubén Aracil 0-0: Ball
1-0: Called Strike
1-1: Foul Ball, location: 2F
1-2: Foul Ball, location: 2F
1-2: Ball
2-2: Ground out U3 (Groundball, 3)
Bottom of the 2nd over - 1 run(s), 1 hit(s), 0 error(s), 0 left on base; Myrtle Beach 2 - Hammond 1
TOP OF THE 3RD
Myrtle Beach Seahawks batting - Pitching for Hammond Herons : RHP Ernest Hawks
Batting: RHB Borja Berrios 0-0: Foul Ball, location: 2F
0-1: Ball
1-1: Ball
2-1: Fly out, F8 (Flyball, 8RM)
Batting: RHB Augusto Escobar 0-0: SINGLE (Flyball, 7S)
Batting: RHB Aaron Dixon 0-0: Ball
1-0: Foul Ball, location: 2F
1-1: Ball
2-1: Fly out, F9 (Flyball, 9S)
Batting: LHB Gabriel López 0-0: Ball
1-0: Ball
2-0: Swinging Strike
2-1: Foul Ball, location: 2F
2-2: Ball
3-2: Foul Ball, location: 2F
3-2: Foul Ball, location: 2F
3-2: Strikes out swinging
Top of the 3rd over - 0 run(s), 1 hit(s), 0 error(s), 1 left on base; Myrtle Beach 2 - Hammond 1
BOTTOM OF THE 3RD
Hammond Herons batting - Pitching for Myrtle Beach Seahawks : LHP Garrett Schaper
Batting: RHB Mark Frisby 0-0: Swinging Strike
0-1: Ball
1-1: Ground out 5-3 (Groundball, 56)
Batting: RHB Jean Lechuga 0-0: Ground out U3 (Groundball, 34)
Batting: LHB Marcos Costa 0-0: Ball
1-0: Reached on error, E4 (Groundball, 4)
Batting: RHB Rex Scurlock 0-0: Ball
1-0: DOUBLE (Flyball, 78M)
Marcos Costa scores
Batting: RHB Zeus Preckwinkle 0-0: Ball
1-0: Ball
2-0: Ball
3-0: Called Strike
3-1: Foul Ball, location: 2F
3-2: Foul Ball, location: 2F
3-2: Foul Ball, location: 2F
3-2: Base on Balls
Batting: LHB Dewitt Hopper 0-0: Called Strike
0-1: Ball
1-1: Called Strike
1-2: Ball
2-2: Foul Ball, location: 2F
2-2: Foul Ball, location: 2F
2-2: Ground out 5-3 (Groundball, 5S)
Bottom of the 3rd over - 1 run(s), 1 hit(s), 1 error(s), 2 left on base; Myrtle Beach 2 - Hammond 2
TOP OF THE 4TH
Myrtle Beach Seahawks batting - Pitching for Hammond Herons : RHP Ernest Hawks
Batting: RHB Randall Worthington 0-0: Ball
1-0: Called Strike
1-1: Ground out 5-3 (Groundball, 56S)
Batting: RHB José Jiménez 0-0: Ball
1-0: Ball
2-0: Called Strike
2-1: Ball
3-1: Base on Balls
Batting: RHB Peter Feng 0-0: Called Strike
0-1: Ball
1-1: Ball
2-1: Foul Ball, location: 2F
2-2: Grounds into double play, 5-4-3 (Groundball, 5)
Top of the 4th over - 0 run(s), 0 hit(s), 0 error(s), 0 left on base; Myrtle Beach 2 - Hammond 2
BOTTOM OF THE 4TH
Hammond Herons batting - Pitching for Myrtle Beach Seahawks : LHP Garrett Schaper
Batting: RHB Fernando Martínez 0-0: Ball
1-0: Ground out 1-3 (Groundball, P)
Batting: LHB Alfred Miles 0-0: Ball
1-0: Called Strike
1-1: Ball
2-1: Foul Ball, location: 2F
2-2: Foul Ball, location: 2F
2-2: Strikes out swinging, 2-3 out at first.
Batting: LHB Rubén Aracil 0-0: Ball
1-0: Swinging Strike
1-1: Ball
2-1: Ball
3-1: Foul Ball, location: 2F
3-2: Foul Ball, location: 2F
3-2: Strikes out looking
Bottom of the 4th over - 0 run(s), 0 hit(s), 0 error(s), 0 left on base; Myrtle Beach 2 - Hammond 2
TOP OF THE 5TH
Myrtle Beach Seahawks batting - Pitching for Hammond Herons : RHP Ernest Hawks
Batting: RHB Alejandro Santiago 0-0: Called Strike
0-1: Ball
1-1: Ball
2-1: Ground out 5-3 (Groundball, 5L)
Batting: RHB Gilbert Howard 0-0: Ball
1-0: Foul Ball, location: 2F
1-1: Swinging Strike
1-2: Ball
2-2: Foul Ball, location: 2F
2-2: Ball
3-2: Foul Ball, location: 2F
3-2: Foul Ball, location: 2F
3-2: Hit by Pitch
Batting: RHB Borja Berrios 0-0: Called Strike
0-1: Called Strike
0-2: Fly out, F7 (Flyball, 78S)
Batting: RHB Augusto Escobar 0-0: Called Strike
0-1: Called Strike
0-2: Foul Ball, location: 2F
0-2: Ball
1-2: Fly out, F5 (Popup, 5S)
Top of the 5th over - 0 run(s), 0 hit(s), 0 error(s), 1 left on base; Myrtle Beach 2 - Hammond 2
BOTTOM OF THE 5TH
Hammond Herons batting - Pitching for Myrtle Beach Seahawks : LHP Garrett Schaper
Batting: RHB Mark Frisby 0-0: Called Strike
0-1: Foul Ball, location: 2F
0-2: Foul Ball, location: 2F
0-2: Foul Ball, location: 2F
0-2: Ball
1-2: Ball
2-2: Foul Ball, location: 2F
2-2: Fly out, F8 (Flyball, 8RM)
Pitching: LHP Bartolo Pérez
Batting: RHB Jean Lechuga 0-0: Ball
1-0: Called Strike
1-1: Ball
2-1: Swinging Strike
2-2: Ball
3-2: Foul Ball, location: 2F
3-2: Base on Balls
Batting: LHB Marcos Costa 0-0: Ball
1-0: Called Strike
1-1: Foul Ball, location: 2F
1-2: Foul Ball, location: 2F
1-2: Foul Ball, location: 2F
1-2: Strikes out looking
Batting: RHB Rex Scurlock 0-0: Ball
1-0: Ball
2-0: Foul Ball, location: 2F
2-1: Foul Ball, location: 2F
2-2: Ball
Throwing error on steal attempt, E2
Jean Lechuga to third
3-2: Base on Balls
Batting: RHB Zeus Preckwinkle 0-0: Foul Ball, location: 2F
0-1: Ball
Pickoff Throw to First - Out!
Bottom of the 5th over - 0 run(s), 0 hit(s), 1 error(s), 0 left on base; Myrtle Beach 2 - Hammond 2
TOP OF THE 6TH
Myrtle Beach Seahawks batting - Pitching for Hammond Herons : RHP Ernest Hawks
Batting: RHB Aaron Dixon 0-0: Called Strike
0-1: Ball
1-1: Ground out 1-3 (Groundball, P)
Batting: LHB Gabriel López 0-0: Ball
1-0: Foul Ball, location: 2F
1-1: Swinging Strike
1-2: Ball
2-2: Foul Ball, location: 2F
2-2: Ground out U3 (Groundball, 3L)
Batting: RHB Randall Worthington 0-0: Foul Ball, location: 2F
0-1: Ball
1-1: Called Strike
1-2: Fly out, F7 (Flyball, 7)
Top of the 6th over - 0 run(s), 0 hit(s), 0 error(s), 0 left on base; Myrtle Beach 2 - Hammond 2
BOTTOM OF THE 6TH
Hammond Herons batting - Pitching for Myrtle Beach Seahawks : LHP Bartolo Pérez
Batting: RHB Zeus Preckwinkle 0-0: Called Strike
0-1: Swinging Strike
0-2: Ground out 6-3 (Groundball, 6)
Batting: LHB Dewitt Hopper 0-0: Swinging Strike
0-1: Ball
1-1: Ball
2-1: Ground out 5-3 (Groundball, 56S)
Batting: RHB Fernando Martínez 0-0: Ball
1-0: Called Strike
1-1: Ball
2-1: Ball
3-1: Called Strike
3-2: Strikes out looking
Bottom of the 6th over - 0 run(s), 0 hit(s), 0 error(s), 0 left on base; Myrtle Beach 2 - Hammond 2
TOP OF THE 7TH
Myrtle Beach Seahawks batting - Pitching for Hammond Herons : RHP Ernest Hawks
Pinch Hitting: RHB Turner Buccigross 0-0: Called Strike
0-1: Ball
1-1: Ball
2-1: Ball
3-1: Swinging Strike
3-2: Foul Ball, location: 2F
3-2: Strikes out looking
Batting: RHB Peter Feng 0-0: Foul Ball, location: 2F
0-1: Ball
1-1: Ball
2-1: SINGLE (Groundball, 4MD)
Batting: RHB Alejandro Santiago 0-0: Hit by Pitch
Peter Feng to second
Batting: RHB Gilbert Howard 0-0: Called Strike
0-1: Ball
1-1: Ball
2-1: Fly out, F9 (Flyball, 9S)
Pinch Hitting: RHB Jim Unknown 0-0: Ball
1-0: Foul Ball, location: 2F
1-1: Ball
2-1: Foul Ball, location: 2F
2-2: Ball
3-2: Base on Balls
Peter Feng to third
Alejandro Santiago to second
Batting: RHB Augusto Escobar 0-0: Foul Ball, location: 2F
0-1: SINGLE (Line Drive, 4MD)
Peter Feng scores
Alejandro Santiago to third
Jim Unknown to second
Pinch Hitting: SHB Lowell Mullins 0-0: Ball
1-0: Ball
2-0: Foul Ball, location: 2F
2-1: Foul Ball, location: 2F
2-2: Ball
3-2: Foul Ball, location: 2F
3-2: Fly out, F2 (Popup, 23)
Top of the 7th over - 1 run(s), 2 hit(s), 0 error(s), 3 left on base; Myrtle Beach 3 - Hammond 2
BOTTOM OF THE 7TH
Hammond Herons batting - Pitching for Myrtle Beach Seahawks : LHP Bartolo Pérez
Now at 3B: Lowell Mullins
Now in CF: Turner Buccigross
Now in RF: Jim Unknown
Batting: LHB Alfred Miles 0-0: Called Strike
0-1: Fly out, F7 (Line Drive, 7)
Batting: LHB Rubén Aracil 0-0: Ball
1-0: Ball
2-0: Ball
3-0: Called Strike
3-1: Called Strike
3-2: SINGLE (Groundball, 4) (infield hit)
Pinch Hitting: RHB Héctor Rivera 0-0: Reached on error, E5 (Groundball, 56)
Rubén Aracil to second
Pinch Hitting: RHB Adrian Kezer 0-0: Ball
1-0: Foul Ball, location: 2F
1-1: Ball
2-1: Grounds into double play, 6-4-3 (Groundball, 6)
Bottom of the 7th over - 0 run(s), 1 hit(s), 1 error(s), 1 left on base; Myrtle Beach 3 - Hammond 2
TOP OF THE 8TH
Myrtle Beach Seahawks batting - Pitching for Hammond Herons : RHP Ernest Hawks
Pitching: LHP Kris Ross
Now at SS: Adrian Kezer
Now in LF: Héctor Rivera
Batting: LHB Gabriel López 0-0: Called Strike
0-1: Swinging Strike
0-2: Strikes out swinging
Batting: RHB Randall Worthington 0-0: Ball
1-0: Foul Ball, location: 2F
1-1: Swinging Strike
1-2: Foul Ball, location: 2F
1-2: Foul Ball, location: 2F
1-2: Fly out, F7 (Flyball, 78D)
Batting: RHB Turner Buccigross 0-0: Called Strike
0-1: Ball
1-1: Foul Ball, location: 2F
1-2: Strikes out looking
Top of the 8th over - 0 run(s), 0 hit(s), 0 error(s), 0 left on base; Myrtle Beach 3 - Hammond 2
BOTTOM OF THE 8TH
Hammond Herons batting - Pitching for Myrtle Beach Seahawks : LHP Bartolo Pérez
Pitching: LHP Jorge Mejía
Batting: LHB Marcos Costa 0-0: Called Strike
0-1: Called Strike
0-2: Ball
1-2: Ball
2-2: Ball
3-2: Strikes out swinging
Pitching: RHP José Molina
Batting: RHB Rex Scurlock 0-0: Ball
1-0: Ball
2-0: Ball
3-0: Called Strike
3-1: Base on Balls
Batting: RHB Zeus Preckwinkle 0-0: Ball
1-0: Called Strike
1-1: Foul Ball, location: 2F
1-2: Ball
2-2: Fly out, F8 (Line Drive, 8LM)
Pitching: LHP William Sellers
Batting: LHB Dewitt Hopper 0-0: Swinging Strike
0-1: Ball
1-1: Called Strike
1-2: Foul Ball, location: 2F
1-2: SINGLE (Groundball, 34) (infield hit)
Rex Scurlock to second
Pitching: RHP Carlos Ibarra
Batting: RHB Fernando Martínez 0-0: Called Strike
0-1: Ball
1-1: Ball
2-1: Ball
3-1: Foul Ball, location: 2F
3-2: Fly out, F7 (Flyball, 7LMF)
Bottom of the 8th over - 0 run(s), 1 hit(s), 0 error(s), 2 left on base; Myrtle Beach 3 - Hammond 2
TOP OF THE 9TH
Myrtle Beach Seahawks batting - Pitching for Hammond Herons : LHP Kris Ross
Pitching: LHP Esteban Jiménez
Batting: RHB Peter Feng 0-0: Called Strike
0-1: Foul Ball, location: 2F
0-2: SINGLE (Groundball, 34D)
Batting: RHB Alejandro Santiago 0-0: Ball
1-0: Ball
2-0: Ball
3-0: Called Strike
3-1: Sac Bunt - play at first, batter OUT! 2-4
Peter Feng to second
Batting: RHB Gilbert Howard 0-0: Intentional Walk
Pinch Hitting: RHB Ludovic Fontaine 0-0: Called Strike
0-1: Ball
1-1: Ball
2-1: Foul Ball, location: 2F
2-2: Strikes out swinging
Batting: RHB Augusto Escobar 0-0: Foul Ball, location: 2F
0-1: Foul Ball, location: 2F
0-2: SINGLE (Line Drive, 56D)
Peter Feng to third
Gilbert Howard to second
Runner from 3rd tries for Home, SAFE, no throw
Batting: SHB Lowell Mullins 0-0: Ball
1-0: Called Strike
1-1: Called Strike
1-2: Strikes out swinging
Top of the 9th over - 1 run(s), 2 hit(s), 0 error(s), 2 left on base; Myrtle Beach 4 - Hammond 2
BOTTOM OF THE 9TH
Hammond Herons batting - Pitching for Myrtle Beach Seahawks : RHP Carlos Ibarra
Pitching: RHP Jesús Martínez
Now at SS: Luis Rodríguez
Batting: LHB Alfred Miles 0-0: Fly out, F2 (Popup, 2R)
Batting: LHB Rubén Aracil 0-0: Ball
1-0: Ball
2-0: Ball
3-0: Called Strike
3-1: Foul Ball, location: 2F
3-2: Ground out U3 (Groundball, 3)
Batting: RHB Héctor Rivera 0-0: Called Strike
0-1: Ball
1-1: Called Strike
1-2: Strikes out swinging
Bottom of the 9th over - 0 run(s), 0 hit(s), 0 error(s), 0 left on base; Myrtle Beach 4 - Hammond 2
Monday, March 20th, 2017 - OOTP Baseball 17.12 Build 75